 Dungeon Crawl Stone Soup version 0.28-a0-48-gfd831c5874 (webtiles) character file.

Game seed: 6998599204747399649

301 bande the Shield-Bearer (level 6, -1/38 HPs)
             Began as a Gargoyle Fighter on July 30, 2021.
             Slain by Sigmund (3 damage)
             ... on level 4 of the Dungeon.
             The game lasted 00:06:59 (4105 turns).

bande the Shield-Bearer (Gargoyle Fighter)          Turns: 4105, Time: 00:07:00

Health: -1/38      AC: 15    Str: 21    XL:     6   Next: 37%
Magic:  6/6        EV:  6    Int:  8    God:
Gold:   182        SH:  9    Dex: 10    Spells: 5/5 levels left

rFire   . . .      SeeInvis .   a - +0 war axe
rCold   . . .      Faith    .   c - +0 kite shield
rNeg    + . .      Spirit   .   j - +0 chain mail
rPois   ∞          Reflect  .   g - +0 helmet
rElec   +          Harm     .   (no cloak)
rCorr   .          Rampage  .   (no gloves)
Will    .....                   (no boots)
Stlth   ..........              (no amulet)
HPRegen 0.12/turn               (no ring)
MPRegen 0.10/turn               (no ring)

@: no status effects
A: sickness immunity, AC +4, negative energy resistance 1, electricity
resistance, torment resistance 1, petrification resistance
a: no special abilities


You were on level 4 of the Dungeon.
You visited 1 branch of the dungeon, and saw 4 of its levels.

You collected 182 gold pieces.

Inventory:

Hand Weapons
 a - a +0 war axe (weapon)
 m - a +0 flail
Armour
 c - a +0 kite shield (worn)
 g - a +0 helmet (worn)
 j - a +0 chain mail (worn)
Wands
 k - a wand of flame (11)
Scrolls
 b - a scroll of enchant weapon {unknown}
 e - 3 scrolls of identify
 h - a scroll of teleportation
Potions
 d - 2 potions of might
 f - a potion of haste {unknown}
 i - a potion of flight


   Skills:
 + Level 4.0 Fighting
 + Level 4.1 Axes
 + Level 4.3 Armour
 + Level 1.0 Dodging
 + Level 4.5 Shields


You had 5 spell levels left.
You didn't know any spells.
Your spell library contained the following spells:

 Spells                   Type           Power      Damage    Failure   Level
 Slow                     Hex            0%         N/A       100%        2
 Confusing Touch          Hex            0%         N/A       100%        3
 Vampiric Draining        Necr           0%         2d6       100%        3


Dungeon Overview and Level Annotations

Branches:
Dungeon (4/15)
 Temple: D:4-7

Altars:

Annotations:
D:4 Sigmund


Innate Abilities, Weirdness & Mutations

You are immune to sickness and miasma.
Your stone body is resilient. (AC +4)
You are immune to poison.
You resist negative energy. (rN+)
You are resistant to electric shocks. (rElec)
You are resistant to unholy torment.
You are immune to petrification.


Message History

b - a scroll labelled YNEN XEAGREUF Sigmund the Dreaded comes into view.
He is wielding a +1 vorpal scythe.
Sigmund shouts!
Sigmund gestures wildly while chanting.
Sigmund flickers and vanishes!
Deactivating autopickup; reactivate with Ctrl-A.
No target in view!
No target in view!
Something hits you but does no damage. Something hits you but does no damage.
Found an escape hatch in the floor.
You hear some strange, mumbled words.
A puff of flame appears from out of thin air!
The puff of flame hits you but does no damage.
You miss something.
Something hits you but does no damage. x2
You hit something.
You hear some strange, mumbled words.
A puff of flame appears from out of thin air!
The puff of flame misses you.
You closely miss something. Something hits you.
Something hits you but does no damage.
You miss something. Something hits you but does no damage.
You barely miss something. Something hits you but does no damage.
You hear some strange, mumbled words.
You are confused.
Something hits you.
You bump into the rock wall.
Something hits you but does no damage.
You completely miss something. Something hits you.
You bump into the rock wall.
Something hits you but does no damage.
You feel less confused. Something hits you but does no damage.
Something hits you but does no damage. You block something's attack.
You miss something. Something hits you! x2
* * * LOW HITPOINT WARNING * * *
x2 You closely miss something.
Something hits you.
* * * LOW HITPOINT WARNING * * *
x2 You slash something!
Something hits you but does no damage. x2
You miss something. Something hits you.
You die...

#..# .# ##.## #.##.#
#..# .# ###...####.##.#
#...#.####..........##.#
##.........#...#######.#
##.#.........## #.#
..########.##### #.#
#.....# #.##### #####.#
#.....# #@..# #####.#
#{### #.# #.# #.# #.#
#.# #.# #.##### #.#
#.#.... #.# #.....# #>#
########).....
#............#


There were no monsters in sight!

Vanquished Creatures
  A water moccasin skeleton (D:4)
  A hound (D:4)
  Natasha (D:4)
  A hound skeleton (D:4)
  5 gnolls
  3 adders
  A worm (D:4)
  2 dart slugs
  An orc (D:4)
  8 bats
  6 endoplasms
  6 giant cockroaches
  7 goblins
  8 hobgoblins
  4 jackals
  2 quokkas
  9 ball pythons
  5 frilled lizards
  11 kobolds
  30 rats
112 creatures vanquished.

Notes
Turn   | Place    | Note
-------+----------+-------------------------------------------
     0 | D:1      | bande the Gargoyle Fighter began the quest for the Orb.
     0 | D:1      | Reached XP level 1. HP: 14/14 MP: 1/1
   202 | D:1      | Reached XP level 2. HP: 19/19 MP: 2/2
   670 | D:1      | Reached XP level 3. HP: 16/23 MP: 3/3
  1284 | D:2      | You fall into a shaft and drop 2 floors!
  1615 | D:2      | Reached XP level 4. HP: 22/28 MP: 4/4
  2644 | D:3      | Reached XP level 5. HP: 6/33 MP: 5/5
  3082 | D:3      | Found a faded altar of an unknown god.
  3804 | D:4      | Reached XP level 6. HP: 14/38 MP: 6/6
  4044 | D:4      | Noticed Natasha
  4051 | D:4      | Killed Natasha
  4052 | D:4      | Reached skill level 1 in Dodging
  4085 | D:4      | Noticed Sigmund
  4103 | D:4      | HP: 1/38 [something (2)]
  4105 | D:4      | Slain by Sigmund

Illustrated notes

Levels and vault maps discovered:
D:1:      tarquinn_simple_flora_water_a, layout_loops_ring, minmay_tripent
D:2:      layout_loops_corners
D:3:      layout_loops_ring, dreamdust_ecumenical_altar_angels_and_demons,
          minmay_rat_hole
D:4:      layout_loops_ring, uniq_sigmund, uniq_crazy_yiuf_cottage,
          uniq_blork_the_orc, uniq_natasha

Skill      XL: |  1  2  3  4  5  6 |
---------------+-------------------+-----
Axes           | 2 3 4 |  4.1
Shields        | 4 |  4.5
Armour         | 4 |  4.3
Fighting       | 4 |  4.0
Dodging        | 1 |  1.0

Action                   |  1- 3 |  4- 6 || total
-------------------------+-------+-------++-------
Melee: War axe           |   138 |   213 ||   351
  Use: Scroll            |       |     6 ||     6
Armor: Scale mail        |    81 |   139 ||   220
       Chain mail        |       |    14 ||    14
Dodge: Dodged            |    59 |    65 ||   124
Block: Kite shield       |    78 |   126 ||   204

Table legend: (Time is in decaauts)
 A = Elapsed time spent in this place.
 B = Non-inter-level travel time spent in this place.
 C = Inter-level travel time spent in this place.
 D = Time resting spent in this place.
 E = Time spent auto-exploring this place.
 F = Levels seen in this place.
 G = Mean time per level.
                   A        B        C        D        E       F      G
               +--------+--------+--------+--------+--------+-----+--------+
         Total |   4313 |   4313 |      0 |    716 |   2525 |   4 | 1078.2 |
       Dungeon |   4313 |   4313 |      0 |    716 |   2525 |   4 | 1078.2 |
               +--------+--------+--------+--------+--------+-----+--------+

Top non-repeatable levels by time:
     D:3: 1406 daAuts
     D:1: 1380 daAuts
     D:2: 978 daAuts
     D:4: 548 daAuts
